 Dungeon Crawl Stone Soup version 0.25-a0-591-g2ad0d861f1 (webtiles) character file.

Game seed: 15277740050713245332, levelgen mode: deterministic

29 Edwards80 the Ducker (level 3, 0/33 HPs)
             Began as a Minotaur Monk on Mar 13, 2020.
             Slain by a gnoll
             ... wielding a +0 halberd
              (6 damage)
             ... on level 2 of the Dungeon.
             The game lasted 00:01:57 (716 turns).

Edwards80 the Ducker (Minotaur Monk)                 Turns: 716, Time: 00:01:57

Health: 0/33       AC:  8    Str: 16    XL:     3   Next: 1%
Magic:  2/2        EV:  8    Int:  7    God:
Gold:   25         SH:  0    Dex: 12    Spells: 2/2 levels left

rFire    . . .     SeeInvis .   a - +0 mace
rCold    . . .     Gourm    .   (no shield)
rNeg     . . .     Faith    .   j - +0 chain mail
rPois    .         Spirit   .   (helmet restricted)
rElec    .         Reflect  .   (no cloak)
rCorr    +         Harm     .   (no gloves)
MR       .....                  (no boots)
Stlth    ..........             (no amulet)
HPRegen  0.11/turn              k - ring of resist corrosion
MPRegen  0.08/turn              (no ring)

@: no status effects
A: retaliatory headbutt, horns 2
a: no special abilities


You were on level 2 of the Dungeon.
You were not hungry.

You visited 1 branch of the dungeon, and saw 2 of its levels.

You collected 25 gold pieces.

Inventory:

Hand Weapons
 a - a +0 mace (weapon)
Armour
 j - a +0 chain mail (worn)
Jewellery
 d - a cursed amulet of inaccuracy {unknown}
 k - a ring of resist corrosion (left hand)
Scrolls
 e - a scroll of remove curse {unknown}
 g - a scroll of identify {unknown}
Potions
 b - a potion of mutation {unknown}
 h - a potion of lignification {unknown}
 i - a potion of degeneration {unknown}
 l - 2 potions of curing {unknown}
Comestibles
 c - a ration
 f - 11 chunks of flesh


   Skills:
 + Level 3.9 Fighting
 + Level 3.8 Maces & Flails
 + Level 0.4 Armour
 + Level 4.0 Dodging
 + Level 1.8 Stealth


You had 2 spell levels left.
You didn't know any spells.
Your spell library was empty.

Dungeon Overview and Level Annotations

Branches:
Dungeon (2/15)

Altars:


Innate Abilities, Weirdness & Mutations

You reflexively headbutt those who attack you in melee.
You have a pair of horns on your head.


Message History

The bat closely misses you. The gnoll hits you but does no damage.
You hit the gnoll. You headbutt the gnoll.
The gnoll is heavily wounded.
The bat hits you but does no damage. The gnoll hits you but does no damage.
You hit the gnoll but do no damage.
You headbutt the gnoll, but do no damage.
The gnoll is heavily wounded.
The gnoll barely misses you. The gnoll hits you with a +0 spear.
The gnoll hits you but does no damage.
You hit the gnoll.
The gnoll is severely wounded.
The gnoll hits you with a +0 spear.
The gnoll hits you from afar with a +0 halberd!
The gnoll hits you.
You closely miss the gnoll. You headbutt the gnoll.
The gnoll is almost dead.
The gnoll hits you with a +0 spear. The gnoll hits you.
* * * LOW HITPOINT WARNING * * *
The gnoll hits you from afar with a +0 halberd.
You die...

###.รท...#.##.
+........
+...###......
....... ###.#
#...##. ......
#.###......
.....
#.....#####
...## ####.###
#.bg ..##.#
#gg# #.##.#
##.@#####.##.#
#...#...#.##.#
#.#......#.##.#
#.
##.......##.#
.. #..........#
##
##.......####
#........#
#.###...### ##
#####


You could see 3 gnolls and a bat.

Vanquished Creatures
  2 dart slugs (D:1)
  A leopard gecko (D:1)
  A ball python (D:1)
  3 giant cockroaches
  2 goblins (D:1)
  5 hobgoblins
  2 kobolds
  A bat (D:1)
  2 frilled lizards
  3 rats
22 creatures vanquished.

Notes
Turn   | Place    | Note
-------+----------+-------------------------------------------
     0 | D:1      | Edwards80 the Minotaur Monk began the quest for the Orb.
     0 | D:1      | Reached XP level 1. HP: 19/19 MP: 0/0
   163 | D:1      | Reached XP level 2. HP: 20/27 MP: 1/1
   551 | D:2      | Reached skill level 4 in Dodging
   686 | D:2      | Reached XP level 3. HP: 32/33 MP: 2/2
   716 | D:2      | Slain by a gnoll

Levels and vault maps discovered:
D:1:      tarquinn_simple_flora_water_a, layout_rooms, roderic_serpentine_path
D:2:      layout_loops_corners, tso_metal_star

Skill      XL: |  1  2 |
---------------+-------+-----
Dodging        | 4 |  4.0
Fighting       | |  3.9
Maces & Flails | |  3.8
Armour         | |  0.4
Stealth        | |  1.8

Action                   || total
-------------------------++-------
Melee: Mace              ||    40
       Headbutt          ||    11
Armor: Chain mail        ||    13
       Robe              ||     1
Dodge: Dodged            ||    20

Table legend:
 A = Non-vault XP
 B = Vault XP
 C = Vault XP percentage of total XP
 D = Non-vault monster count
 E = Vault monster count
 F = Vault count percentage of total count
                 A         B        C        D         E       F
            +---------+---------+-------+---------+---------+-------
      Total |      42 |       0 |   0.0 |      22 |       0 |   0.0
            +---------+---------+-------+---------+---------+-------
        D:1 |      30 |       0 |   0.0 |      14 |       0 |   0.0
        D:2 |      12 |       0 |   0.0 |       8 |       0 |   0.0
            +---------+---------+-------+---------+---------+-------
